 Dungeon Crawl Stone Soup version 0.31-a0-1074-g0b22e4e0f1 (webtiles) character file.

Game seed: 4715392575066828197

613 grandjackal the Magician (level 7, -2/53 HPs)
             Began as a Djinni Reaver on Dec 1, 2023.
             Slain by a wight
             ... wielding a +4 spear
              (5 damage)
             ... on level 4 of the Dungeon.
             The game lasted 00:05:50 (3231 turns).

grandjackal the Magician (Djinni Reaver)            Turns: 3231, Time: 00:05:51

Health: -2/53      AC:  6    Str: 16    XL:     7   Next: 73%
Gold:   63         EV: 17    Int: 17    God:
                   SH:  0    Dex: 12

rFire   + + +        g - +5 falchion of Essoxuz {drain, Str+5 Stlth+}
rCold   x . .        (no shield)
rNeg    . . .        u - +2 robe {rF+}
rPois   ∞            i - +1 helmet
rElec   +            (no cloak)
rCorr   .            (no gloves)
SInv    .            (boots unavailable)
Will    .....        (no amulet)
Stlth   ++           p - ring of Sibrulet {rElec rPois EV+5 Dex-5}
HPRegen 0.28/turn    t - +6 ring of dexterity
MPRegen 0.00/turn

%: infuse magic (-3 HP)
@: flying
A: sickness immunity, fire resistance 2, cold vulnerability 1, float, innate
caster, HP casting, extra vitality 1
a: no special abilities


You were on level 4 of the Dungeon.
You visited 1 branch of the dungeon, and saw 4 of its levels.

You collected 193 gold pieces.
You spent 130 gold pieces at shops.

Inventory:

Hand Weapons
 a - a +0 falchion
 g - the +5 falchion of Essoxuz (weapon) {drain, Str+5 Stlth+}
   (You found it on level 2 of the Dungeon)

   Str+5:     It affects your strength (+5).
   Stlth+:    It makes you more stealthy.
Missiles
 k - 6 curare-tipped darts
 s - 10 poisoned darts
Armour
 i - a +1 helmet (worn)
 u - a +2 robe of fire resistance (worn)
Jewellery
 p - the ring of Sibrulet (left hand) {rElec rPois EV+5 Dex-5}
   (You bought it in a shop on level 2 of the Dungeon)

   [ring of evasion]

   EV+5:      It affects your evasion (+5).
   Dex-5:     It affects your dexterity (-5).
   rElec:     It insulates you from electricity.
   rPois:     It protects you from poison
 t - a +6 ring of dexterity (right hand)
Wands
 b - a wand of charming (9)
Scrolls
 c - a scroll of fog {unknown}
 d - a scroll of enchant weapon {unknown}
 f - 2 scrolls of identify {unknown}
 h - 4 scrolls of teleportation {unknown}
 m - a scroll of butterflies {unknown}
 o - 3 scrolls of immolation {unknown}
 r - a scroll of revelation {unknown}
Potions
 e - 5 potions of attraction {unknown}
 j - a potion of heal wounds {unknown}
 l - 2 potions of enlightenment {unknown}
 n - a potion of curing {unknown}
 q - a potion of might {unknown}
 v - 2 potions of degeneration {unknown}


   Skills:
 + Level 4.8 Fighting
 + Level 2.9 Long Blades
 - Level 2.1 Dodging
 + Level 5.3 Spellcasting
 + Level 5.3 Conjurations
 + Level 5.3 Hexes
   Level 0.0 Charms
 + Level 5.3 Summonings
 + Level 5.3 Necromancy
 + Level 5.3 Translocations
 + Level 5.3 Transmutations
 + Level 5.3 Fire Magic
 + Level 5.3 Ice Magic
 + Level 5.3 Air Magic
 + Level 5.3 Earth Magic
 + Level 5.3 Poison Magic


You knew the following spells:

 Your Spells              Type           Power      Damage    Failure   Level
a - Kiss of Death         Conj/Necr      88%        2d12      1%          1
b - Momentum Strike       Conj/Tloc      44%        3d9       2%          2
c - Hailstorm             Conj/Ice       22%        3d7       4%          3
d - Foxfire               Conj/Fire      88%        2x1d8     1%          1
e - Ensorcelled Hibernat  Hex/Ice        44%        N/A       2%          2
f - Frozen Ramparts       Ice            44%        1d7       4%          3
Your spell library was empty.

Dungeon Overview and Level Annotations

Branches:
Dungeon (4/15)
 Temple: D:4-7

Altars:
Hepliaklqana
The Shining One

Shops:
D:2 *


Innate Abilities, Weirdness & Mutations

You are immune to sickness and miasma.
You are immune to poison.
Your flesh is very heat resistant. (rF++)
You are vulnerable to cold. (rC-)
You float through the air rather than walking.
You learn spells naturally, not from books.
Your magical power is your life essence.
You have superior vitality. (+4 MHP)


Message History

Casting: Frozen Ramparts (dangerous; 4% risk of failure)
Press: ? - help, Dir - look around, f - activate An open door.
The walls around you are covered in ice.
The wall freezes the wight but does no damage.
The wight hits you with a +4 spear.
Unknown command.
You barely miss the wight.
The wall freezes the wight but does no damage.
The wight hits you but does no damage.
You hit the wight.
The wight is lightly damaged.
The wight resists.
The wall freezes the wight.
The wight hits you with a +4 spear!
You closely miss the wight.
The wight is lightly damaged.
The wight resists.
The wall freezes the wight.
The wight hits you with a +4 spear.
You closely miss the wight.
The wight is moderately damaged.
The wall freezes the wight but does no damage.
The wight hits you with a +4 spear!
You barely miss the wight.
The wight is moderately damaged.
The wight completely resists.
The wall freezes the wight but does no damage.
The wight closely misses you.
You hit the wight but do no damage.
The wight is moderately damaged.
The wall freezes the wight but does no damage.
The wight hits you with a +4 spear.
* * * LOW HITPOINT WARNING * * *
The wall freezes the wight but does no damage.
The wight misses you.
The frozen ramparts melt away as you move.
The wight hits you from afar with a +4 spear!
* * * LOW HITPOINT WARNING * * *
The wight attacks as it pursues you!
The wight hits you from afar with a +4 spear.
You die...

...........# #..........##
......†....# #...........#
..........## #...........#
..........# ##...........#
..........# ###............##
.........#####..........<....#
.........##.................##
.[...........#8#.#8#........#
.............###@###........#
.............###.###........#
......#......#.'z'.#........#
.....#..)..".###.###.......(.#
######.......#.'.'.#.........#
#.......###.###..#.......#
#.......# +.+ #.#..>.....#
#.......# #.# ## #.......#
#####.......# +.+ ##.....##


You could see a wight.

Vanquished Creatures
  Grinder (D:4)
  A sky beast (D:3)
  A scorpion (D:4)
  2 iguanas (D:4)
  2 orc wizards (D:4)
  2 mummies (D:4)
  3 gnolls
  3 adders
  An adder zombie (D:4)
  4 worms
  3 dart slugs
  6 orcs
  2 endoplasms
  5 giant cockroaches
  7 goblins
  7 hobgoblins
  4 quokkas
  4 ball pythons
  6 bats
  4 frilled lizards
  7 kobolds
  7 rats
82 creatures vanquished.

Vanquished Creatures (others)
  11 foxfires
11 creatures vanquished.

Grand Total: 93 creatures vanquished

Notes
Turn   | Place    | Note
-------+----------+-------------------------------------------
     0 | D:1      | grandjackal the Djinni Reaver began the quest for the Orb.
     0 | D:1      | grandjackal set off with the following spells memorised:
                  | Kiss of Death, Momentum Strike, Hailstorm.
     0 | D:1      | Reached XP level 1. HP: 18/18 MP: 0/0
    30 | D:1      | Reached XP level 2. HP: 19/23 MP: 0/0
   247 | D:1      | Reached XP level 3. HP: 29/29 MP: 0/0
   247 | D:1      | Learned a level 1 spell: Foxfire
   254 | D:1      | You are sucked into a shaft and drop 1 floor!
   297 | D:2      | Identified the +5 falchion of Essoxuz {drain, Str+5 Stlth+}
   785 | D:2      | Found Pengiuwn's Assorted Antiques.
   860 | D:2      | Found a faded altar of an unknown god.
  1279 | D:3      | Reached XP level 4. HP: 34/34 MP: 0/0
  1502 | D:3      | Noticed a sky beast
  1512 | D:3      | Killed a sky beast
  1513 | D:3      | Reached XP level 5. HP: 35/40 MP: 0/0
  1513 | D:3      | Learned a level 2 spell: Ensorcelled Hibernation
  1795 | D:3      | Reached XP level 6. HP: 46/46 MP: 0/0
  2028 | D:3      | Found a glowing golden altar of the Shining One.
  2134 | D:2      | Bought a wavering pewter ring for 130 gold pieces
  2134 | D:2      | Identified the ring of Sibrulet {rElec rPois EV+5 Dex-5}
                  | (You bought it in a shop on level 2 of the Dungeon)
  2349 | D:4      | Found a hazy altar of Hepliaklqana.
  2709 | D:4      | Noticed Grinder
  2720 | D:4      | Killed Grinder
  2721 | D:4      | Reached skill level 5 in Spellcasting
  2721 | D:4      | Reached skill level 5 in Conjurations
  2721 | D:4      | Reached skill level 5 in Hexes
  2721 | D:4      | Reached skill level 5 in Summonings
  2721 | D:4      | Reached skill level 5 in Necromancy
  2721 | D:4      | Reached skill level 5 in Translocations
  2721 | D:4      | Reached skill level 5 in Transmutations
  2721 | D:4      | Reached skill level 5 in Fire Magic
  2721 | D:4      | Reached skill level 5 in Ice Magic
  2721 | D:4      | Reached skill level 5 in Air Magic
  2721 | D:4      | Reached skill level 5 in Earth Magic
  2721 | D:4      | Reached skill level 5 in Poison Magic
  2721 | D:4      | Reached XP level 7. HP: 49/53 MP: 0/0
  2721 | D:4      | Learned a level 3 spell: Frozen Ramparts
  3228 | D:4      | HP: 2/53 [wight/+4 spear (12)]
  3231 | D:4      | Slain by a wight

Illustrated notes

Levels and vault maps discovered:
D:1:      wander_arrival_fairy_ring, layout_rooms, st_stairs_2, minivault_23
D:2:      layout_basic, hellmonk_ecumenical_altar_run_dry, serial_shops,
          nicolae_shop_statue_plus
D:3:      layout_basic, tso_altar
D:4:      layout_cave_pods, lemuel_mausoleum_altar_kikubaaqudgha,
          nicolae_overflow_crystal_walls, uniq_grinder

Skill      XL: |  1  2  3  4  5  6 |
---------------+-------------------+-----
Spellcasting   | 3 4 5 |  5.3
Conjurations   | 3 4 5 |  5.3
Hexes          | 3 4 5 |  5.3
Summonings     | 3 4 5 |  5.3
Necromancy     | 3 4 5 |  5.3
Translocations | 3 4 5 |  5.3
Transmutations | 3 4 5 |  5.3
Fire Magic     | 3 4 5 |  5.3
Ice Magic      | 3 4 5 |  5.3
Air Magic      | 3 4 5 |  5.3
Earth Magic    | 3 4 5 |  5.3
Poison Magic   | 3 4 5 |  5.3
Fighting       | 3 4 |  4.8
Long Blades    | |  2.9
Dodging        | |  2.1

Action                     |  1- 3 |  4- 6 |  7- 9 || total
---------------------------+-------+-------+-------++-------
  Melee: Falchion          |    94 |    68 |    63 ||   225
         Punch             |     1 |       |     2 ||     3
   Cast: Foxfire           |       |     9 |       ||     9
         Hailstorm         |       |     1 |       ||     1
         Frozen Ramparts   |       |       |     3 ||     3
   Stab: Sleeping          |     1 |     2 |     1 ||     4
 Armour: Leather armour    |    69 |    43 |    15 ||   127
         Robe              |       |       |    14 ||    14
  Dodge: Dodged            |    57 |    29 |    41 ||   127

Table legend: (Time is in decaauts)
 A = Elapsed time spent in this place.
 B = Non-inter-level travel time spent in this place.
 C = Inter-level travel time spent in this place.
 D = Time resting spent in this place.
 E = Time spent auto-exploring this place.
 F = Levels seen in this place.
 G = Mean time per level.
                   A        B        C        D        E       F      G
               +--------+--------+--------+--------+--------+-----+--------+
         Total |   3269 |   3115 |    154 |    492 |   1925 |   4 |  817.2 |
       Dungeon |   3269 |   3115 |    154 |    492 |   1925 |   4 |  817.2 |
               +--------+--------+--------+--------+--------+-----+--------+

Top non-repeatable levels by time:
     D:4: 1060 daAuts
     D:3: 858 daAuts
     D:2: 748 daAuts
     D:1: 601 daAuts
